 Dungeon Crawl Stone Soup version 0.21-a0-278-ga722497 (webtiles) character file.

595 Jeffwins the Carver (level 7, -1/46 HPs)
             Began as an Octopode Fighter on Sept 21, 2017.
             Slain by an iguana (3 damage)
             ... on level 5 of the Dungeon.
             The game lasted 00:06:02 (4387 turns).

Jeffwins the Carver (Octopode Fighter)              Turns: 4387, Time: 00:06:02

Health: -1/46      AC:  1    Str: 15    XL:     7   Next: 40%
Magic:  16/16      EV: 12    Int: 11    God:
Gold:   49         SH:  8    Dex: 13    Spells: 6/6 levels left

rFire    . . .     SeeInvis .   A - +2 short sword (venom)
rCold    . . .     Gourm    .   b - +0 shield
rNeg     . . .     Faith    .   (helmet restricted)
rPois    .         Spirit   .   (no amulet)
rElec    .         Reflect  .   o - ring of loudness (curse)
rCorr    .         Harm     .   x - ring of magical power
MR       .....                  (no ring)
Stlth    +.........             (no ring)
HPRegen  0.15/turn              (no ring)
MPRegen  0.15/turn              (no ring)
                                (no ring)
                                (no ring)

@: no status effects
A: almost no armour, stealthy swim, amphibious, 8 rings, constrict 8, camouflage
1, gelatinous body 1
a: no special abilities


You were on level 5 of the Dungeon.
You were not hungry.

You visited 1 branch of the dungeon, and saw 5 of its levels.

You collected 159 gold pieces.
You spent 110 gold pieces at shops.

Inventory:

Hand Weapons
 a - a +0 long sword
 l - a +1 dagger of speed
 A - a +2 short sword of venom (weapon)
 C - a cursed -3 falchion
Missiles
 u - 8 curare-tipped needles
Armour
 b - a +0 shield (worn)
 E - the +1 buckler "Oropurr" {rCorr}
   (You found it on level 4 of the Dungeon)

   It protects you from acid and corrosion.
Jewellery
 i - an uncursed ring of fire
 o - a cursed ring of loudness (left tentacle)
 x - a ring of magical power (right tentacle)
Wands
 v - a wand of random effects (14/48)
Scrolls
 k - 2 scrolls of identify {unknown}
 m - a scroll of fear {unknown}
 p - 4 scrolls of teleportation {unknown}
 q - 2 scrolls of random uselessness {unknown}
 s - 3 scrolls of immolation {unknown}
 t - 3 scrolls of amnesia {unknown}
 w - a scroll of recharging {unknown}
 y - a scroll of remove curse {unknown}
 z - a scroll of fog {unknown}
 B - a scroll of blinking
 D - a scroll of magic mapping
Potions
 c - a potion of might
 e - 2 potions of mutation {unknown}
 g - 2 potions of curing {unknown}
 j - a potion of degeneration {unknown}
 n - a potion of cancellation {unknown}
 F - a potion of haste {unknown}
Comestibles
 d - 5 bread rations
 f - 2 royal jellies
 h - 2 fruits
 r - 3 meat rations


   Skills:
 - Level 3.0 Fighting
 + Level 8.0 Long Blades
 - Level 3.0 Dodging
 - Level 3.0 Shields


You had 6 spell levels left.
You didn't know any spells.

Dungeon Overview and Level Annotations

Branches:
Dungeon (5/15)
 Temple: D:4-7

Altars:
Xom

Shops:
D:4 }!=?


Innate Abilities, Weirdness & Mutations

You cannot wear most types of armour.
You are very stealthy in the water. (Stealth+)
You are amphibious.
You can wear up to eight rings at the same time.
You can use your tentacles to constrict eight enemies at once.
Your skin changes colour to match your surroundings (Stealth+).
Your rubbery body absorbs attacks. (AC +1, EV +1)


Message History

You hit the orc. Your grab misses the orc.
The orc is heavily wounded.
The orc misses you.
Unknown command.
You hit the orc.
The orc is poisoned.
Your grab misses the orc. You squeeze the orc.
You kill the orc!
The orc hits you from afar with a trident.
You are too injured to fight recklessly!
You are too injured to fight recklessly!
You are too injured to fight recklessly!
You barely miss the iguana. You grab the iguana.
You constrict the iguana, but do no damage.
The orc hits you from afar with a trident!
The iguana bites you!
* * * LOW HITPOINT WARNING * * *
You hit the iguana. You squeeze the iguana!
The iguana is almost dead.
You constrict the iguana. You block the orc's attack. The iguana bites you.
You die...

#### #... #...
####### #...
....... #...
....... #...#####
.......
#.......####†......
#..(.##...@l)......
#....#######o......
#(......# .?.....
#...###.# .......
#### #.## .......
#..# ....... ##.#
####### #.#######
#.#.....#


You could see an iguana and an orc.

Vanquished Creatures
  A crimson imp (D:5)
  2 centaur skeletons (D:4)
  2 orc priests
  Terence (D:3)
  6 orc wizards (D:4)
  Natasha (twice) (D:3 D:4)
  2 worker ants (D:5)
  A worker ant zombie (D:2)
  5 adders
  3 oozes
  2 worms
  3 leopard geckos
  17 orcs
  3 giant cockroaches
  6 goblins
  6 hobgoblins (D:2)
  7 kobolds
  A quokka (D:5)
  8 bats
  2 frilled lizards (D:2)
  4 rats (D:2)
84 creatures vanquished.

Notes
Turn   | Place    | Note
-------+----------+-------------------------------------------
     0 | D:1      | Jeffwins the Octopode Fighter began the quest for the Orb.
     0 | D:1      | Reached XP level 1. HP: 16/16 MP: 1/1
   701 | D:1      | Reached XP level 2. HP: 21/21 MP: 2/2
   784 | D:1      | Reached skill level 3 in Long Blades
  1070 | D:2      | Reached XP level 3. HP: 21/26 MP: 3/3
  1170 | D:2      | Reached skill level 4 in Long Blades
  1197 | D:2      | Reached XP level 4. HP: 27/31 MP: 4/4
  2226 | D:3      | Noticed Natasha
  2237 | D:3      | Killed Natasha
  2435 | D:3      | Noticed Terence
  2443 | D:3      | Killed Terence
  2443 | D:3      | Reached skill level 5 in Long Blades
  2443 | D:3      | Reached XP level 5. HP: 23/36 MP: 5/5
  2858 | D:4      | Reached skill level 6 in Long Blades
  2858 | D:4      | Reached XP level 6. HP: 38/42 MP: 6/6
  3026 | D:4      | Noticed Natasha
  3040 | D:4      | Killed Natasha
  3121 | D:4      | Found Ywkiddus's Distillery.
  3158 | D:4      | Found Viblye Tiowk's Jewellery Emporium.
  3286 | D:4      | Found Jihairch's Magic Scroll Shoppe.
  3294 | D:4      | Bought a scroll of blinking for 75 gold pieces
  3294 | D:4      | Bought a scroll of magic mapping for 35 gold pieces
  3393 | D:4      | Reached skill level 7 in Long Blades
  3411 | D:4      | Found Dozula's Gadget Shop.
  3819 | D:4      | Got a bloodstained buckler
  3830 | D:4      | Identified the +1 buckler "Oropurr" {rCorr} (You found it on level 4 of the Dungeon)
  3947 | D:4      | Reached XP level 7. HP: 43/46 MP: 7/7
  4027 | D:5      | Entered Level 5 of the Dungeon
  4060 | D:5      | Found a shimmering altar of Xom.
  4295 | D:5      | Reached skill level 8 in Long Blades
  4386 | D:5      | HP: 1/46 [iguana (14)]
  4387 | D:5      | Slain by an iguana

Vault maps used:
D:1:      evilmike_arrival_crescent
D:2:      minmay_misc_feat_x
D:3:      first_bread, uniq_terence, uniq_natasha
D:4:      serial_shops, kennysheep_little_box, shop, shop, shop
D:5:      nicolae_overflow_crystal_walls, elyvilon_altar_1

Skill      XL: |  1  2  3  4  5  6  7 |
---------------+----------------------+-----
Long Blades    | 3 4 5 6 7 8 |  8.0
Fighting       | |  3.0
Dodging        | |  3.0
Shields        | |  3.0

Action                   |  1- 3 |  4- 6 |  7- 9 || total
-------------------------+-------+-------+-------++-------
Melee: Long sword        |     7 |       |       ||     7
       Dagger            |    45 |   140 |     8 ||   193
       Constrict         |     9 |    28 |    16 ||    53
       Tentacles         |    12 |    37 |    16 ||    65
       Short sword       |       |       |    40 ||    40
  Use: Potion            |       |       |     1 ||     1
 Stab: Sleeping          |     2 |     1 |       ||     3
  Eat: Chunk             |     1 |     8 |     2 ||    11
Armor: Skin              |     2 |     2 |     2 ||     6
Dodge: Dodged            |    16 |    43 |    15 ||    74
Block: Shield            |    11 |    29 |    17 ||    57

Table legend:
 A = Spawn XP
 B = Non-spawn XP
 C = Spawn XP percentage of total XP
 D = Spawn monster count
 E = Non-spawn monster count
 F = Spawn count percentage of total count
 G = Total turns spent on level
                    A         B        C        D         E        F      G
               +---------+---------+-------+---------+---------+-------+---------
         Total |       0 |     851 |   0.0 |       0 |      84 |   0.0 |  4387
               +---------+---------+-------+---------+---------+-------+---------
           D:1 |       0 |      19 |   0.0 |       0 |       8 |   0.0 |  1053
           D:2 |       0 |     105 |   0.0 |       0 |      31 |   0.0 |   816
           D:3 |       0 |      73 |   0.0 |       0 |       5 |   0.0 |   956
           D:4 |       0 |     455 |   0.0 |       0 |      24 |   0.0 |  1202
           D:5 |       0 |     199 |   0.0 |       0 |      16 |   0.0 |   360
               +---------+---------+-------+---------+---------+-------+---------
